 Dungeon Crawl Stone Soup version 0.26-a0-812-g31a745ddcd (webtiles) character file.

Game seed: 13104533309178205273

8 kae the Insei (level 2, 0/16 HPs)
             Began as a Tengu Transmuter on Nov 23, 2020.
             Slain by a kobold
             ... wielding a +0 whip
              (3 damage)
             ... on level 1 of the Dungeon.
             The game lasted 00:00:13 (62 turns).

kae the Insei (Tengu Transmuter)                      Turns: 62, Time: 00:00:14

Health: 0/16       AC:  3    Str: 10    XL:     2   Next: 8%
Magic:  4/6        EV: 13    Int: 13    God:
Gold:   0          SH:  0    Dex: 14    Spells: 4/5 levels left

rFire    . . .     SeeInvis .     - Unarmed
rCold    . . .     Faith    .   (no shield)
rNeg     . . .     Spirit   .   a - +0 robe
rPois    .         Reflect  .   (helmet currently unavailable)
rElec    .         Harm     .   b - +0 cloak (curse)
rCorr    .         Rampage  .   (no gloves)
MR       .....                  (boots unavailable)
Stlth    +.........             (no amulet)
HPRegen  0.05/turn              (no ring)
MPRegen  0.10/turn              (no ring)

@: appendages
A: beak, horns 2, talons 3
a: End Transformation


You were on level 1 of the Dungeon.
You had grown temporary horns.
You visited 1 branch of the dungeon, and saw 1 of its levels.

Inventory:

Armour
 a - a +0 robe (worn)
 b - a cursed +0 cloak (worn)
Potions
 c - 2 potions of curing {unknown}


   Skills:
 + Level 1.2 Fighting
 + Level 2.3 Dodging
 + Level 3.4 Unarmed Combat
 + Level 2.1 Spellcasting
 + Level 1.7 Transmutations


You had 4 spell levels left.
You knew the following spells:

 Your Spells              Type           Power        Failure   Level
a - Beastly Appendage     Tmut           #.....       12%         1

Your spell library contained the following spells:

 Spells                   Type           Power        Failure   Level
 Wereblood                Tmut           #.......     19%         2
 Spider Form              Tmut/Pois      #.........   47%         3
 Ice Form                 Ice/Tmut       #.......     87%         4
 Blade Hands              Tmut           #.........   98%         5


Dungeon Overview and Level Annotations

Branches:
Dungeon (1/15)

Altars:


Innate Abilities, Weirdness & Mutations

You have a beak for a mouth.
You have claws for feet.
You have a pair of horns on your head.


Message History

You are too injured to fight recklessly!
You are too injured to fight recklessly!
You hit the jackal.
You kill the jackal!
The kobold throws a stone.
The stone hits you but does no damage.
The goblin hits something but does no damage.
You are too injured to fight recklessly!
You are too injured to fight recklessly!
You closely miss the kobold. Your kick misses the kobold. The kobold hits you.
The goblin misses you.
The goblin hits something with a +0 dagger.
You hit the goblin.
You kill the goblin!
You have reached level 2!
The kobold closely misses you. The kobold hits you with a +0 whip.
* * * LOW HITPOINT WARNING * * *
You hit the kobold.
You kill the kobold!
The kobold hits you with a +0 whip.
You die...

.............#†..#.....#.
...#..........#...#.....#.
..............##..#..<..#.
.#.............##..#.....#.
#.$.......)........#.....#.
#.......###....#..#.....#.
#........##.#.....#.....#.
#.$#.....K$....##..........
#.......♣@.P####..........
.....#†gg♣PPPP #..........
#....†#)g♣♣PP..#..........
...##....PP♣♣♣P.#.......#.#
###.....P ♣P........#..
#..#.P♣ ♣P..#.#### #
.......P .♣.. .# .#.#......
.... .......


You could see 3 goblins and a kobold.

Vanquished Creatures
  A goblin (D:1)
  3 jackals (D:1)
  A frilled lizard (D:1)
  2 kobolds (D:1)
7 creatures vanquished.

Notes
Turn   | Place    | Note
-------+----------+-------------------------------------------
     0 | D:1      | kae the Tengu Transmuter began the quest for the Orb.
     0 | D:1      | Reached XP level 1. HP: 12/12 MP: 4/4
    61 | D:1      | Reached XP level 2. HP: 7/16 MP: 4/6
    62 | D:1      | Slain by a kobold

Illustrated notes

Levels and vault maps discovered:
D:1:      minmay_arrival_semitransparent, layout_rooms, serial_forest,
          infiniplex_forest_clump_diagonal, infiniplex_forest_end_1,
          infiniplex_forest_corner_2, infiniplex_forest_clump_double,
          infiniplex_forest_lined_1, infiniplex_forest_fountain,
          infiniplex_forest_side_room, infiniplex_forest_lined_room_2,
          infiniplex_forest_lined_3_way, minmay_hedge_maze,
          minmay_small_reverse_x

Action                   || total
-------------------------++-------
Melee: Unarmed           ||    12
       Kick              ||     3
       Peck              ||     1
 Cast: Beastly Appendage ||     3
Armor: Robe              ||     5
Dodge: Dodged            ||    16

Table legend: (Time is in decaauts)
 A = Elapsed time spent in this place.
 B = Non-inter-level travel time spent in this place.
 C = Inter-level travel time spent in this place.
 D = Time resting spent in this place.
 E = Time spent auto-exploring this place.
 F = Levels seen in this place.
 G = Mean time per level.
                   A        B        C        D        E       F      G
               +--------+--------+--------+--------+--------+-----+--------+
         Total |     61 |     61 |      0 |      0 |     19 |   1 |   61.0 |
       Dungeon |     61 |     61 |      0 |      0 |     19 |   1 |   61.0 |
               +--------+--------+--------+--------+--------+-----+--------+

Top non-repeatable levels by time:
     D:1: 61 daAuts
